Cogmind - Beta 16.1 *** ADVENTURER MODE // 2026.02.24 @ 13:23:28 Player: triibiis Result: Destroyed by T3-84D(R) with Subdweller Laser Performance ------------- Evolutions (0) 0 Regions Visited (2) 400 Robots Destroyed (27) 135 Value Destroyed (687) 687 Prototype IDs (2) 40 Alien Tech Used (0) 0 Bonus (0) 0 TOTAL SCORE: 1262 Bonus ------- None Cogmind --------- Core Integrity 0/250 Matter 300/300 Energy 75/100 System Corruption 0% Temperature Cool (6) Movement Rolling (130) Ox2 Location -10/Subcaves Parts ------- > --- POWER (1) -------- (None) > --- PROPULSION (2) --- Subdweller Monowheel > --- UTILITY (2) ------ High-capacity Storage Unit Targeting Computer > --- WEAPON (2) ------- Small Laser Particle Gun > --- INVENTORY (20) --- Light Treads Visual Processing Unit Sensor Array ECM Suite Multitool Peak State ------------ > --- POWER ------------ Ion Engine > --- PROPULSION ------- Light Treads Light Treads > --- UTILITY ---------- High-capacity Storage Unit Targeting Computer > --- WEAPON ----------- Particle Gun Beam Cannon > --- INVENTORY -------- Wheel Visual Processing Unit ECM Suite Small Laser [Rating: 8] Favorites ----------- Power Ion Engine Engine Ion Engine Propulsion Light Treads Treads Light Treads Leg Aluminum Leg Wheel Compact Wheel Utility Targeting Computer Storage High-capacity Storage Unit Processor Targeting Computer Weapon Beam Cannon Energy Gun Particle Gun Energy Cannon Beam Cannon Ballistic Gun Assault Rifle Special Weapon Mining Laser Build | -11 -10 -10 ------- Run | Yrd Mat Sub Slots Evolved . | . . . Power . | . . . Propulsion . | . . . Utility . | . . . Weapon . | . . . Parts Attached 20 | 6 10 4 Power 2 | 1 1 . Engine 2 | 1 1 . Core . | . . . Reactor . | . . . Propulsion 8 | 2 4 2 Treads 2 | . 2 . Leg 2 | . 2 . Wheel 4 | 2 . 2 Hover . | . . . Flight . | . . . Utility 4 | 1 3 . Device . | . . . Storage 3 | 1 2 . Processor 1 | . 1 . Hackware . | . . . Protection . | . . . Artifact . | . . . Weapon 6 | 2 2 2 Energy Gun 3 | 1 1 1 Energy Cannon 1 | . 1 . Ballistic Gun 1 | 1 . . Ballistic Cannon . | . . . Launcher . | . . . Special Weapon 1 | . . 1 Impact Weapon . | . . . Slashing Weapon . | . . . Piercing Weapon . | . . . Special Melee Weapon . | . . . Unidentified Prototypes . | . . . Parts Lost 9 | . 4 5 Power 2 | . 1 1 Propulsion 4 | . 2 2 Utility . | . . . Weapon 3 | . 1 2 Highest Loss Streak 4 | . 1 4 To Critical Strikes . | . . . Average Backups 4 | 2 4 5 Power . | . . . Propulsion 1 | 1 1 1 Utility 1 | . 1 3 Weapon 1 | . 1 1 Tool/Special . | . . . Unused Backups 4 | . . 4 Power . | . . . Propulsion . | . . . Utility 3 | . . 3 Weapon . | . . . Tool/Special 1 | . . 1 Average Slot Usage (%) 94 | . 95 92 Engine 12 | . 14 7 Treads 16 | . 16 15 Wheel 9 | . 9 11 Storage 14 | . 14 14 Processor 12 | . 12 14 Energy Gun 9 | . 5 18 Energy Cannon 11 | . 13 7 Ballistic Gun 6 | . 8 . Peak Build Rating 8 | 6 8 8 Average Rating 7 | 4 7 7 On Entrance 4 | . 6 8 Avg Prop Armor Cover (%) 16 | . . 16 Naked Turns . | . . . Heaviest Build 51 | 14 51 51 Greatest Support 40 | 32 40 40 Greatest Overweight (x) 16 | . 16 4 Average Overweight (x) . | . . 1 Largest Inventory Capacity 20 | 8 20 20 Average Capacity 16 | 6 15 20 Most Carried 7 | 4 6 7 Average Carried 4 | 3 4 5 Final Capacity 20 | 8 20 20 Final Carried 6 | 4 6 5 Class Distribution -------------------- 100% | Mutant Dominant Class ---------------- Mutant | -10/Materials Mutant | -10/Subcaves Resources | -11 -10 -10 ----------- Run | Yrd Mat Sub Matter Collected 638 | 209 399 30 Remotely . | . . . Salvage Created 823 | . 735 88 Parts 58 | . 51 7 Haulers Intercepted . | . . . Recyclers Shooed . | . . . Parts Field Recycled . | . . . Retrieved Matter . | . . . Parts Self-Destructed 8 | . . 8 Prevented . | . . . Parts Restored . | . . . Kills | -11 -10 -10 ------- Run | Yrd Mat Sub Combat Hostiles Destroyed 24 | . 20 4 Guns 7 | . 3 4 Cannons 17 | . 17 . Classes Destroyed 6 | . 4 2 Worker 1 | . 1 . Watcher 2 | . 2 . Swarmer 8 | . 6 2 Grunt 14 | . 14 . Sentry 1 | . . 1 Subdweller 1 | . . 1 Best Kill Streak 3 | . 3 2 Combat Bots Only 3 | . 3 2 Max Kills in Single Turn 1 | . 1 1 Gunslinging . | . . . Exploded . | . . . Melee . | . . . Uniques/NPCs Destroyed . | . . . Combat | -11 -10 -10 -------- Run | Yrd Mat Sub Hostile Shots Fired 158 | . 116 42 Missed 46 | . 33 13 Hits 112 | . 83 29 Projectile 112 | . 83 29 Critical Strikes 2 | . . 2 Damage Taken 1065 | . 670 395 Core 256 | . 166 90 Absorbed by Shields . | . . . Ignored by Resistances 327 | . 213 114 Core Remaining (%) 100 | 100 . . Volleys Fired 85 | . 62 23 Largest 2 | . 2 2 Hottest 165 | . 125 165 Shots Fired 161 | . 124 37 Gun 87 | . 62 25 Cannon 70 | . 62 8 Launcher . | . . . Special 4 | . . 4 Kinetic 56 | . 56 . Thermal 105 | . 68 37 Explosive . | . . . Electromagnetic . | . . . Robot Hit Streak 27 | . 27 22 Robot Miss Streak 3 | . 3 3 Penetration Max . | . . . Secondary Targets . | . . . Shots Hit Robots 110 | . 81 29 Core Hits 41 | . 34 7 Critical Kills . | . . . Critical Parts Destroyed . | . . . Critical Strikes . | . . . Melee Attacks . | . . . Impact . | . . . Slashing . | . . . Piercing . | . . . Sneak Attacks . | . . . Combat Hostiles . | . . . Follow-up Attacks . | . . . Damage Inflicted 1643 | . 1303 340 Guns 770 | . 472 298 Cannons 849 | . 831 18 Explosions . | . . . Melee . | . . . Ramming . | . . . Kinetic 424 | . 424 . Thermal 1219 | . 879 340 Explosive . | . . . Electromagnetic . | . . . Impact . | . . . Slashing . | . . . Piercing . | . . . Highest Corruption . | . . . Average Corruption . | . . . Corruption Purged . | . . . Corruption Blocked . | . . . Overload Shots . | . . . Overflow Damage . | . . . Projectiles . | . . . Explosions . | . . . Melee . | . . . Knockbacks . | . . . Impact . | . . . Kinetic . | . . . Secondary . | . . . Self-Inflicted Damage . | . . . Shots . | . . . Rammed . | . . . Targets Rammed . | . . . Kicked . | . . . Crushed . | . . . Highest Temperature 351 | . 351 6 Average Temperature 93 | . 95 3 Received Heat Transfer 525 | . 381 144 Siege Activations . | . . . Martial Activations . | . . . Shielding Activations . | . . . Robots Disrupted . | . . . Combat Hostiles . | . . . Robots Corrupted . | . . . Combat Hostiles . | . . . Parts Fried . | . . . Impact Corruptions . | . . . Robots Melted . | . . . Combat Hostiles . | . . . Parts Melted 3 | . 3 . Heat Transferred 2655 | . 1850 805 Parts Sabotaged . | . . . Parts Stolen . | . . . Parts Stripped . | . . . Power Chain Reactions . | . . . Alert | -11 -10 -10 ------- Run | Yrd Mat Sub Maximum Alert Level . | . . . Low Security (%) 100 | 100 100 . Level 1 . | . . . Level 2 . | . . . Level 3 . | . . . Level 4 . | . . . Level 5 . | . . . High Security . | . . . Max Security . | . . . Peak Influence 165 | . 165 . Initial . | . . . Average 57 | . 59 . Influence Increases 655 | . 585 70 Destroy 0b10 Robot/C 460 | . 400 60 Destroy 0b10 Robot/NC 15 | . 15 . Destroy Leader 94 | . 84 10 Successful Hack 69 | . 69 . Destroy Structure 2 | . 2 . Lose Combat Pursuer 15 | . 15 . Influence Decreases 655 | . 585 70 Time Decay 615 | . 545 70 Lost Part 40 | . 40 . Squads Dispatched 6 | . 6 . Investigation 6 | . 6 . Extermination . | . . . Reinforcement . | . . . Assault . | . . . Garrison . | . . . Intercept . | . . . Searches Triggered . | . . . Construction Impeded . | . . . Haulers Reinforced . | . . . Active Scanning Responses . | . . . Cargo Convoy Interrupts . | . . . Stealth | -11 -10 -10 --------- Run | Yrd Mat Sub Distress Signals . | . . . Communications Jammed . | . . . Distress Signals . | . . . Times Spotted 36 | . 30 6 Peak Tracking Total 4 | . 4 2 Tactical Retreats 1 | . 1 . Traps | -11 -10 -10 ------- Run | Yrd Mat Sub Traps Triggered 3 | . 3 . Indirectly . | . . . Trap Hack Attempts . | . . . Triggered . | . . . Disarmed 6 | . 6 . Reprogrammed . | . . . Reused . | . . . Traps Extracted . | . . . Installed . | . . . Triggered . | . . . Machines | -11 -10 -10 ---------- Run | Yrd Mat Sub Machines Disabled . | . . . Max in Single Turn . | . . . Machines Repaired . | . . . Machines Dismantled . | . . . Machines Sabotaged . | . . . Overloaded Fab Kills . | . . . Hacking | -11 -10 -10 --------- Run | Yrd Mat Sub Machines Accessed 8 | . 8 . Terminals 7 | . 7 . Fabricators . | . . . Repair Stations . | . . . Recycling Units 1 | . 1 . Scanalyzers . | . . . Garrison Access . | . . . Total Hacks 38 | . 38 . Successful 23 | . 23 . Failed 15 | . 15 . Catastrophic 2 | . 2 . Database Lockouts . | . . . Manual 22 | . 22 . Terminals 36 | . 36 . Fabricators . | . . . Repair Stations . | . . . Recycling Units 2 | . 2 . Scanalyzers . | . . . Garrison Access . | . . . Terminal Hacks 22 | . 22 . Robot Analysis 1 | . 1 . Prototype ID Bank 1 | . 1 . Level Access Points 2 | . 2 . Branch Access Points 4 | . 4 . Emergency Access Points 1 | . 1 . Terminal Index 2 | . 2 . Alert Level 1 | . 1 . Disarm Traps 2 | . 2 . Maintenance Status 1 | . 1 . Patrol Status 1 | . 1 . Recall Investigation 1 | . 1 . Hauler Manifests 1 | . 1 . Zone Layout 4 | . 4 . Fabricator Hacks . | . . . Repair Station Hacks . | . . . Recycling Unit Hacks 1 | . 1 . Retrieve Matter 1 | . 1 . Scanalyzer . | . . . Garrison Access Hacks . | . . . Unauthorized Hacks . | . . . Terminals . | . . . Fabricators . | . . . Repair Stations . | . . . Recycling Units . | . . . Scanalyzers . | . . . Garrison Access . | . . . Data Cores Recovered . | . . . Used . | . . . Hacking Detections 7 | . 7 . Full Trace Events 5 | . 5 . Feedback Events . | . . . Feedback Blocked . | . . . Robot Schematics Acquired . | . . . Robots Built . | . . . Authchips . | . . . Time . | . . . Total Robot Build Rating . | . . . Part Schematics Acquired . | . . . Parts Built . | . . . Authchips . | . . . Time . | . . . Total Part Build Rating . | . . . Part Studies Acquired . | . . . Parts Repaired . | . . . Time . | . . . Parts Recycled . | . . . Recycled Matter . | . . . Retrieved Matter . | . . . Retrieved Components . | . . . Parts Scanalyzed . | . . . Part Schematics Acquired . | . . . Parts Damaged . | . . . Bothacking | -11 -10 -10 ------------ Run | Yrd Mat Sub Used RIF Installer . | . . . Robots Hacked . | . . . Non-combat . | . . . Combat . | . . . Robot Hacks Applied . | . . . Relay Couplers Released . | . . . Fabnet Peak Effective % . | . . . Robots Rewired . | . . . Allies Hacked . | . . . Hacks Repelled . | . . . Allies | -11 -10 -10 -------- Run | Yrd Mat Sub Total Allies . | . . . Largest Group . | . . . Highest-Rated Group . | . . . Highest-Rated Ally . | . . . Total Orders . | . . . Ally Attacks . | . . . Total Damage . | . . . Kills . | . . . Allies Corrupted . | . . . Allies Melted . | . . . Intel | -11 -10 -10 ------- Run | Yrd Mat Sub Active Infowar (turns) . | . . . Robot Analysis Total 1 | . 1 . Derelict Logs Recovered 2 | . . 2 Drone Launches . | . . . Drone Recoveries . | . . . Exploration | -11 -10 -10 ------------- Run | Yrd Mat Sub Turns Passed 1921 | 55 1379 487 Spaces Moved 993 | 43 689 261 Core 4 | 1 3 . Treads 411 | . 312 99 Legs 4 | . 4 . Wheels 574 | 42 370 162 Hover . | . . . Flight . | . . . Fastest Speed 50 | 50 100 107 Average Speed 163 | 98 170 158 Slowest Speed 850 | 100 850 320 Overloaded Moves . | . . . Propulsion Burnouts . | . . . Robots Hopped . | . . . Potential Cave-ins . | . . . Cave-ins Triggered . | . . . Exploration Rate (%) 38 | 3 88 25 Regions Visited 2 Branch Regions 1 Pre-discovered Areas 1 | . . 1 Known Exits Taken . | . . . Unknown Exits Taken 2 | 1 1 . Scrap Searched 2 | . . 2 Spaces Dug . | . . . Terrain Destroyed . | . . . Melee . | . . . Projectile . | . . . AOE . | . . . Terrain Rammed . | . . . Walls Destroyed . | . . . Machines Disabled . | . . . Actions | -11 -10 -10 --------- Run | Yrd Mat Sub Total 1118 | 52 774 292 Wait . | . . . Move 991 | 42 688 261 Hop . | . . . Pick Up 11 | 4 6 1 Fast Attach 13 | 6 6 1 Attach 8 | . 4 4 Detach 5 | . 3 2 Swap . | . . . Drop 5 | . 5 . Fire 85 | . 62 23 Melee . | . . . Ram . | . . . Kick . | . . . Crush . | . . . Escape Stasis . | . . . Rewire . | . . . Trap . | . . . Miscellaneous . | . . . Route ------- -11/Scrapyard -10/Materials (discovered 5 exits: *Mat x3 / *Min / [*Sub]) -10/Subcaves History --------- Turn | Location | Event 13 | -11/Scrapyard | Discovered new exit (range 15) 56 | -11/Scrapyard | Entered Materials 123 | -10/Materials | Discovered new exit (range 12) 262 | -10/Materials | Identified exit to Materials 262 | -10/Materials | Identified exit to Mines 316 | -10/Materials | Build established: Mutant 580 | -10/Materials | Core integrity fell below 50% 1256 | -10/Materials | Derelicts attacked the area 1435 | -10/Materials | Entered Subcaves 1436 | -10/Subcaves | Approached by a straggling Scientist 1447 | -10/Subcaves | Learned Materials stockpile data 1705 | -10/Subcaves | Core integrity fell below 20% 1741 | -10/Subcaves | Lost 4 parts (1p1n2w) 1830 | -10/Subcaves | Learned location of Zion (-7) 1841 | -10/Subcaves | Shifting Twisted Machinery released Sub. Laser 1922 | -10/Subcaves | Destroyed by T3-84D(R) with Subdweller Laser Last Messages --------------- Acquired 30 matter. Searching scrap... Found Multitool. Found 65 Matter. Acquired Multitool. 21-N1E(u) builds Twisted Machinery. Subatomizers dissect the Wheel. S-10 Pest destroyed. Flight Unit fries itself beyond repair. Lgt. Assault Rifle fries itself beyond repair. Subatomizers dissect the Lgt. Ion Engine. DZ-6T8(O) collects matter. Subatomizers dissect the Lgt. Ion Engine. DZ-6T8(O) collects matter. Acquired derelict log, extracted data. World map updated: -7/Zion. Sub. Laser falls loose from the Twisted Machinery. Wheel destroyed. Map ----- +----------------------------------------------------+ | ?????????????????????????????????????????????????? | | ?????????????????????????????????????????????????? | | ?????????????????????????????????????????????????? | | ?????????????????????????????????????????????????? | | ????????????????????????????????????????????????## | | ???????????????????????????????????????????????## | | ???????????????????????????????????????????????# | | ??????????????????????????????????????????????## " | | ??????????????????????????????????????????????# " | | ?????????????????????????????????????????##?" """ | | ???????????????????????????????????????## ? "# "" | | ??????????????????????????????????????## ? "?# | | ?????????????????????????????????????## ## ""# " | | ?????????????????????????????????????# ##""####" | | ???????????????????????????????????### ""#??## | | ?????????????????##????????????????# #???? | | ?????????????????# #??????????????## ##??? | | ?????????????##### ##????????????# ##?# | | ????????????## ????????????# #?# | | ????????????# ???????????# ### | | ???????????? ??????????## ## | | ??????????? ????????## | | ??????????? RR#??###### | | ??????????# ### ## | | ????????????? ## | | ????????????????????## @ ### | | ?????????????????????# # #### #?# | | ?????????????????????#??#####??## #?## | | ????????????????????????????????###??#### ##### | | ????????????????????????????????????????######???? | | ?????????????????????????????????????????????????? | | ?????????????????????????????????????????????????? | | ?????????????????????????????????????????????????? | | ?????????????????????????????????????????????????? | | ?????????????????????????????????????????????????? | | ?????????????????????????????????????????????????? | | ?????????????????????????????????????????????????? | | ?????????????????????????????????????????????????? | | ?????????????????????????????????????????????????? | | ?????????????????????????????????????????????????? | | ?????????????????????????????????????????????????? | | ?????????????????????????????????????????????????? | | ?????????????????????????????????????????????????? | | ?????????????????????????????????????????????????? | | | | | | | | | | | | | +----------------------------------------------------+ Best States ------------- Heat Dissipation 25 Energy Generation 10 Energy Capacity 250 Matter Stores 400 Matter Capacity 400 Sight Range 16 Terrain Scan Density 10 Resistance: KI 20 Resistance: TH 20 Resistance: EX 20 Resistance: EM 20 Resistance: I 20 Resistance: S 20 Resistance: P 20 Evasion (%) 40 Targeting Accuracy 5 Recoil Reduction 2 Offensive Hacking 10 Item Schematics ----------------- None Robot Schematics ------------------ None Fabricated ------------ Nothing Repaired ---------- Nothing Studied --------- None Alien Tech Used ----------------- None Achievements -------------- None Challenges ------------ None Game ------ Seed PitchforkDeuteriumWall Manual? 0 Play Time 00:19:15 Cumulative 23.4 hours Start 2026.02.24 @ 13:04:39 End 2026.02.24 @ 13:23:28 Sessions 1 Manual Loads 0 Difficulty Adventurer Special Mode None Game No. 63 Rogue 0 Adventurer 63 Explorer 0 Win Type - Total 0 Types 0/0/0/0/0/0/0/0/0/0 Lore% 21 Gallery% 19 Achievement% 16 Wizard Run 0 Options --------- Layout 1 ASCII 0 Keyboard 0 Movement Arrows Keybinds 0 Fullscreen 1 Font 36/Smallcaps Map View 50x43 Zoom Use 0% Tactical HUD 0 Map Filters NONE Filters NONE Steam 1 RUN: 3a27e8c6-d5cc-49d6-8da3-70fa31575ebd